Map: Oxide LE

Players

Throwfordays - Winner!

  • Race: Terran Terran
  • League: Gold

ClutchDust

  • Race: Protoss Protoss
  • League: Silver

VOD

Have the link to the VOD?

Description

Time

  • Played on: Aug. 27, 2021, 9:14 p.m.
  • Length: 4:47
Show
View Real Time Build Order
Export as new Build Order

Throwfordays Terran - Winner!

Build Orders:  

Get SALT Encoding   

  12  0:00  SCV  
  13  0:15  Supply Depot  
  13  0:17  SCV  
  14  0:29  SCV  
  14  0:33  Refinery  
  15  0:41  Barracks  
  15  1:03  Supply Depot  
  15  1:09  SCV  
  16  1:21  SCV  
  17  1:28  Reaper  
  17  1:31  Barracks  
  18  1:34  SCV  
  19  1:48  Barracks  
  19  2:00  Reaper  
  20  2:04  SCV  
  21  2:16  SCV  
  21  2:18  Barracks Reactor  
  21  2:21  Supply Depot  
  22  2:26  Refinery  
  22  2:28  SCV  
  23  2:32  Reaper  
  24  2:39  Reaper  
  25  2:46  SCV  
  26  2:57  Reaper  
  27  2:58  SCV  
  28  3:11  SCV  
  29  3:18  Reaper x2  
  32  3:41  Reaper x2  
  33  3:50  Reaper  
  32  3:58  Reaper  
  33  4:13  Reaper  
Show
View Real Time Build Order
Export as new Build Order

ClutchDust Protoss 

Build Orders:  

Get SALT Encoding   

  12  0:00  Probe  
  13  0:13  Probe  
  14  0:18  Pylon  
  14  0:25  Probe  
  15  0:37  Gateway  
  15  0:41  Probe  
  16  0:54  Probe  
  16  1:05  Assimilator  
  16  1:06  Probe  
  17  1:12  Assimilator  
  17  1:18  Probe  
  17  1:24  Cybernetics Core  
  18  1:37  Probe  
  19  1:49  Probe  
  20  1:59  Warp Gate (Chrono Boost)  
  20  2:00  Nexus  
  20  2:02  Probe  
  21  2:14  Probe (Chrono Boost)  
  22  2:18  Pylon  
  22  2:26  Probe (Chrono Boost)  
  23  2:35  Gateway  
  23  2:41  Probe  
  24  2:51  Gateway  
  24  2:58  Pylon  
  24  3:01  Probe  
  19  3:42  Stalker  
  19  3:43  Stalker  
  19  3:47  Stalker  
  21  4:06  Probe  
  21  4:07  Probe  
  23  4:18  Stalker, Probe  
  23  4:19  Stalker, Probe  
  27  4:30  Probe (Chrono Boost)  
  28  4:42  Stalker  
Tags
 
Matchup
PvT
Replay Pack
Multiplayer
Add a new tag
Caveats
  • Supply blocks, unpowered buildings, or Contaminate may cause inaccurate times.
  • Supply counts are checked every 10 seconds.